 Dungeon Crawl Stone Soup version 0.23-a0-448-g1c01f63 (webtiles) character file.

943 JeffiDaFish the Reanimator (level 7, 0/36 HPs)
             Began as a Deep Elf Necromancer on Nov 19, 2018.
             Was a Follower of Sif Muna.
             Slain by Prince Ribbit (17 damage)
             ... on level 6 of the Dungeon.
             The game lasted 00:13:49 (4360 turns).

JeffiDaFish the Reanimator (Deep Elf Necromancer)   Turns: 4360, Time: 00:13:54

Health: 0/36       AC:  2    Str:  5    XL:     7   Next: 88%
Magic:  0/18       EV: 15    Int: 22    God:    Sif Muna [*.....]
Gold:   277        SH:  0    Dex: 15    Spells: 12/19 levels left

rFire    . . .     SeeInvis .   g - +1 dagger
rCold    . . .     Gourm    .   (no shield)
rNeg     . . .     Faith    .   a - +0 robe
rPois    .         Spirit   .   (no helmet)
rElec    .         Reflect  .   (no cloak)
rCorr    .         Harm     .   (no gloves)
MR       .....                  (no boots)
Stlth    ++........             e - amulet of regeneration
HPRegen  0.52/turn              (no ring)
MPRegen  0.16/turn              (no ring)

@: no status effects
A: no striking features
a: Divine Energy, Renounce Religion


You were on level 6 of the Dungeon.
You worshipped Sif Muna.
Sif Muna was aware of your devotion.
You were not hungry.

You visited 2 branches of the dungeon, and saw 7 of its levels.

You collected 277 gold pieces.

Inventory:

Hand Weapons
 g - a +1 dagger (weapon)
Armour
 a - a +0 robe (worn)
Jewellery
 d - a cursed ring of teleportation {unknown}
 e - an amulet of regeneration (around neck)
Wands
 h - a wand of flame (11)
Scrolls
 f - 6 scrolls of identify
 k - a scroll of enchant weapon
Potions
 b - a potion of agility
 i - a potion of flight
 j - 2 potions of curing
Comestibles
 c - 9 rations


   Skills:
 + Level 5.5 Dodging
 - Level 3.0 Stealth
 + Level 6.6 Spellcasting
 * Level 9.1 Necromancy


You had 12 spell levels left.
You knew the following spells:

 Your Spells              Type           Power        Failure   Level  Hunger
a - Pain                  Necr           ####         1%          1    None
b - Regeneration          Chrm/Necr      ####......   4%          3    #......
c - Vampiric Draining     Necr           #####.....   1%          3    #......

Your spell library contained the following spells:

 Spells                   Type           Power        Failure   Level  Hunger
 Animate Skeleton         Necr           N/A          1%          1    None
 Animate Dead             Necr           N/A          1%          4    ###....


Dungeon Overview and Level Annotations

Branches:
Dungeon (6/15)             Temple (1/1) D:5

Altars:
Ashenzari
Cheibriados
Elyvilon
Fedhas
Gozag
Hepliaklqana
Kikubaaqudgha
Nemelex Xobeh
Okawaru
Qazlal
Ru
Sif Muna
Trog
Uskayaw
Vehumet
Wu Jian
Xom
Yredelemnul
Zin
The Shining One

Annotations:
D:4 3 runed doors, MudFish's ghost, amateur MiFi
D:6 Prince Ribbit


Message History

Casting: Pain (safe; 1% risk of failure)
Confirm with . or Enter, or press ? or * to list all spells.
Aiming: Vampiric Draining (safe; 1% risk of failure)
Press: ? - help, Shift-Dir - straight line, f/p - ogre
Aim: an ogre, wielding a +0 giant club (lightly wounded)
The ogre is heavily wounded.
You feel life coursing into your body. Prince Ribbit closely misses you.
The ogre closely misses you.
Casting: Vampiric Draining (safe; 1% risk of failure)
Confirm with . or Enter, or press ? or * to list all spells.
Aiming: Vampiric Draining (safe; 1% risk of failure)
Press: ? - help, Shift-Dir - straight line, f/p - ogre
Aim: an ogre, wielding a +0 giant club (heavily wounded)
You kill the ogre!
Sif Muna accepts your kill.
Your Necromancy skill increases to level 9!
You feel life coursing into your body.
Prince Ribbit hops awkwardly around.
Prince Ribbit hits you!
You die...

##...######
#........$.# .
.......P.P.# ..
#......._..# ...
.......P.P.#....
.............##
........F.....#.
#......@)......
#.....<........
#........#.....
#.........# .###
##........# #
###....[.#
##......
##......
#.....#.


You could see Prince Ribbit.

Vanquished Creatures
  Purgy (D:3)
  An ice beast (D:5)
  2 ogres
  A phantom (D:4)
  A howler monkey (D:4)
  A bullfrog zombie (D:5)
  3 hounds
  An iguana (D:4)
  4 worker ants
  3 orc wizards (D:4)
  A gnoll (D:5)
  4 adders
  2 worms
  A dart slug (D:4)
  2 leopard geckos
  10 orcs
  A ball python (D:1)
  3 bats
  5 giant cockroaches
  3 hobgoblins (D:3)
  11 jackals
  A quokka (D:4)
  3 frilled lizards
  6 goblins
  A kobold (D:1)
  A leopard gecko skeleton (D:4)
  2 quokka skeletons (D:4)
  6 rats
81 creatures vanquished.

Notes
Turn   | Place    | Note
-------+----------+-------------------------------------------
     0 | D:1      | JeffiDaFish the Deep Elf Necromancer began the quest for
                  | the Orb.
     0 | D:1      | Reached XP level 1. HP: 10/10 MP: 6/6
   444 | D:1      | Reached skill level 5 in Necromancy
  1021 | D:1      | Reached XP level 2. HP: 14/15 MP: 5/8
  1340 | D:2      | Reached XP level 3. HP: 19/19 MP: 7/9
  1370 | D:2      | Learned a level 3 spell: Regeneration
  1374 | D:2      | Learned a level 3 spell: Vampiric Draining
  1532 | D:2      | Found a deep blue altar of Sif Muna.
  1564 | D:2      | Became a worshipper of Sif Muna the Loreminder
  1889 | D:3      | Reached XP level 4. HP: 5/24 MP: 0/12
  1994 | D:3      | Found a hide-covered altar of Uskayaw.
  2026 | D:3      | Noticed Purgy
  2055 | D:3      | Killed Purgy
  2055 | D:3      | Reached skill level 6 in Necromancy
  2055 | D:3      | Reached XP level 5. HP: 19/28 MP: 2/13
  2301 | D:4      | Reached skill level 7 in Necromancy
  2308 | D:4      | Reached skill level 5 in Spellcasting
  2308 | D:4      | Reached XP level 6. HP: 23/32 MP: 11/15
  2416 | D:4      | Found a runed gate.
  2417 | D:4      | Found a runed gate.
  2417 | D:4      | Found a runed gate.
  2533 | D:4      | Noticed MudFish's ghost (amateur MiFi)
  2578 | D:4      | Reached * piety under Sif Muna
  3045 | D:4      | Reached skill level 8 in Necromancy
  3045 | D:4      | Reached XP level 7. HP: 28/36 MP: 9/17
  3136 | D:5      | Entered Level 5 of the Dungeon
  3136 | D:5      | Found a staircase to the Ecumenical Temple.
  3161 | Temple   | Entered the Ecumenical Temple
  3301 | D:5      | Found a basalt altar of Yredelemnul.
  3560 | D:5      | Reached skill level 5 in Dodging
  4129 | D:5      | Found an opulent altar of Gozag.
  4349 | D:6      | Found a blossoming altar of Fedhas.
  4349 | D:6      | Noticed Prince Ribbit
  4360 | D:6      | Reached skill level 9 in Necromancy
  4360 | D:6      | Slain by Prince Ribbit

Vault maps used:
D:1:      saegor_arrival_simple_d
D:2:      led_sif_pool, first_ration
D:3:      old_standard_altar, nicolae_overflow_crystal_walls, uniq_purgy
D:4:      gammafunk_ghost_icy, minmay_misc_feat_rugged
D:5:      nicolae_gozag_seed_capital, yredelemnul_altar_generic,
          minmay_temple_entry_trees, cheibrodos_gnoll_hut
D:6:      fedhas_altar_1, uniq_prince_ribbit1, uniq_blork_the_orc
Temple:   nicolae_temple_x_marks_the_god

Skill      XL: |  1  2  3  4  5  6  7 |
---------------+----------------------+-----
Necromancy     | 5 6 7 8 9 |  9.1
Stealth        | 3 |  3.0
Spellcasting   | 4 5 6 |  6.6
Dodging        | 3 4 5 |  5.5

Action                   |  1- 3 |  4- 6 |  7- 9 || total
-------------------------+-------+-------+-------++-------
Melee: Unarmed           |    14 |    22 |       ||    36
       Dagger            |       |   120 |    77 ||   197
 Cast: Pain              |    68 |    46 |    30 ||   144
       Vampiric Draining |       |    11 |    16 ||    27
       Regeneration      |       |    10 |     2 ||    12
  Use: Scroll            |     5 |     1 |     1 ||     7
       Potion            |     6 |       |     2 ||     8
 Stab: Sleeping          |     1 |     4 |     2 ||     7
       Invisible         |     1 |       |       ||     1
  Eat: Chunk             |     3 |     3 |     3 ||     9
       Ration            |       |       |     1 ||     1
Armor: Robe              |     5 |    14 |    32 ||    51
Dodge: Dodged            |    23 |   128 |   158 ||   309

Table legend:
 A = Non-vault XP
 B = Vault XP
 C = Vault XP percentage of total XP
 D = Non-vault monster count
 E = Vault monster count
 F = Vault count percentage of total count
                 A         B        C        D         E       F
            +---------+---------+-------+---------+---------+-------
      Total |    1113 |     235 |  17.4 |      77 |       4 |   4.9
            +---------+---------+-------+---------+---------+-------
        D:1 |      15 |       0 |   0.0 |      10 |       0 |   0.0
        D:2 |      39 |       0 |   0.0 |      14 |       0 |   0.0
        D:3 |      56 |     136 |  70.8 |      14 |       1 |   6.7
        D:4 |     512 |       0 |   0.0 |      24 |       0 |   0.0
        D:5 |     370 |      99 |  21.1 |      14 |       3 |  17.6
        D:6 |     121 |       0 |   0.0 |       1 |       0 |   0.0
            +---------+---------+-------+---------+---------+-------
